[Event "Titled Tuesday Blitz November 01 Late 2022"]
[White "Roque Sola, Jose Luis"]
[Black "Santos Flores, Alberto"]
[WhiteFideId "5120390"]
[BlackFideId "3601234"]
[WhiteElo "2117"]
[BlackElo "2235"]
[Result "0-1"]
[Round "09"]
[TimeControl "180+1"]
[Date "2022.11.02"]
[WhiteClock "0:00:02"]
[BlackClock "0:01:22"]

1. c4 c6 2. Nf3 d5 3. b3 Nf6 4. Bb2 Bf5 5. d3 e6 6. g3 h6 7. Bg2 Be7 8. O-O O-O 9. Nc3 a5 10. Qc2 Nbd7 11. e4 dxe4 12. dxe4 Bh7 13. Rad1 Qc7 14. Rfe1 Rfd8 15. Qc1 Nc5 16. Nd4 e5 17. Nf5 Nd3 18. Nxe7+ Qxe7 19. Ba3 Qc7 20. Rxd3 Rxd3 21. Bf1 Rd7 22. Na4 Nxe4 23. c5 Rad8 24. Nb6 Rd2 25. Bc4 Nxf2 26. Be2 Nh3+ 27. Kg2 Ng5 28. Nc4 Be4+ 29. Kf1 R2d7 30. Nd6 Bd5 31. h4 Ne4 32. Bg4 Rxd6 33. cxd6 Nxd6 0-1


[Site "https://www.chess.com"]

[Event "Titled Tuesday Blitz November 01 Late 2022"]
[White "Rorrer, Grayson"]
[Black "Ibarra Jerez, Jose Carlos"]
[WhiteFideId "30944996"]
[BlackFideId "2226332"]
[WhiteElo "2130"]
[BlackElo "2627"]
[Result "0-1"]
[Round "09"]
[TimeControl "180+1"]
[Date "2022.11.01"]
[WhiteClock "0:00:45"]
[BlackClock "0:02:17"]

1. e4 c5 2. Nf3 e6 3. d4 cxd4 4. Nxd4 Bc5 5. Nb3 Bb6 6. Nc3 Ne7 7. Bc4 O-O 8. Bf4 f5 9. exf5 d5 10. Bd3 Nxf5 11. O-O Nc6 12. Bg3 Nxg3 13. hxg3 Qg5 14. Ne2 Ne5 15. Qd2 Qh5 16. Nf4 Rxf4 17. Qxf4 Ng4 18. Rfd1 0-1


[Site "https://www.chess.com"]

[Event "Titled Tuesday Blitz November 01 Late 2022"]
[White "Rose, Felix"]
[Black "Young, Ryan"]
[WhiteFideId "5105722"]
[BlackFideId "2049945"]
[WhiteElo "2039"]
[BlackElo "2403"]
[Result "0-1"]
[Round "09"]
[TimeControl "180+1"]
[Date "2022.11.02"]
[WhiteClock "0:00:20"]
[BlackClock "0:00:21"]

1. e4 e5 2. Nf3 Nc6 3. Bb5 a6 4. Ba4 d6 5. c3 f5 6. d3 Nf6 7. Qe2 Be7 8. O-O fxe4 9. dxe4 Bg4 10. Nbd2 O-O 11. h3 Bh5 12. b4 Kh8 13. Bb3 h6 14. g4 Nxg4 15. hxg4 Bxg4 16. Qd3 Qe8 17. Nh2 Bd7 18. Qg3 Rf6 19. Kh1 Rg6 20. Qd3 Qf8 21. Ndf3 Qf6 22. Rg1 Rf8 23. Rxg6 Qxg6 24. Bd2 Qh5 25. Rg1 Nd8 26. Bd1 Qf7 27. Rg3 Ne6 28. Qf1 Nf4 29. Rg1 Bc6 30. Bb3 Qf6 31. Bd5 Nxd5 32. exd5 Bxd5 33. Rg3 e4 34. Ng4 Qf7 35. Ng5 hxg5 36. Qh3+ Kg8 37. Be3 Be6 38. Qg2 Bxg4 39. Rxg4 Qf3 40. Rxe4 Qxg2+ 41. Kxg2 Bf6 42. Re6 Kf7 43. Re4 Re8 44. Rg4 Bxc3 45. Rxg5 Bxb4 46. Bd4 g6 47. Rg3 Bc5 48. Bxc5 dxc5 49. Rc3 b6 50. Ra3 a5 51. Rd3 Re6 52. Rd7+ Re7 53. Rd5 Ke8 54. Kg3 Re6 55. Kg4 Ke7 56. f4 c6 57. Rd1 Rd6 58. Re1+ Kd7 59. Kg5 c4 60. Rc1 b5 61. a3 Kc7 62. a4 Kb6 63. Rb1 Kc5 64. Rc1 b4 65. Re1 b3 66. Re5+ Kb4 67. Re4 b2 68. Re1 c3 69. f5 gxf5 70. Kxf5 c2 71. Re4+ Kb3 72. Re3+ Kxa4 73. Re4+ Kb3 74. Re3+ Kc4 75. Re4+ Rd4 76. Re3 c1=Q 77. Ke6 b1=Q 78. Re5 Qd2 79. Ke7 Rd7+ 80. Ke8 Qg6+ 81. Kf8 Qf4+ 82. Rf5 Qfxf5# 0-1


[Site "https://www.chess.com"]

[Event "Titled Tuesday Blitz November 01 Late 2022"]
[White "Rosen, Eric"]
[Black "Yuan, Qingyu"]
[WhiteFideId "2032562"]
[BlackFideId "8609772"]
[WhiteElo "2362"]
[BlackElo "2359"]
[Result "0-1"]
[Round "09"]
[TimeControl "180+1"]
[Date "2022.11.01"]
[WhiteClock "0:00:01"]
[BlackClock "0:00:18"]

1. d4 d5 2. Bf4 Nf6 3. e3 e6 4. Nf3 Bd6 5. Ne5 O-O 6. Nd2 c5 7. c3 Qc7 8. Bd3 Nc6 9. Ndf3 cxd4 10. exd4 Ne4 11. Qe2 Ne7 12. Bg3 f6 13. Ng4 Bd7 14. O-O Rae8 15. Rae1 Nf5 16. Bxd6 Nfxd6 17. Nd2 Bc6 18. f3 Ng5 19. Qf2 Bb5 20. Bxb5 Nxb5 21. Re3 Nd6 22. Qg3 Qb6 23. h4 Nf5 24. Qf4 Nxe3 25. Qxe3 Nf7 26. Nb3 h5 27. Nf2 g6 28. Qd3 Kg7 29. Re1 e5 30. dxe5 Nxe5 31. Qd1 Nc4 32. Rxe8 Rxe8 33. Qxd5 Re1+ 34. Kh2 Qxf2 35. Qxc4 Qb6 36. Nc5 Qc6 37. b4 b6 0-1


[Site "https://www.chess.com"]

[Event "Titled Tuesday Blitz November 01 Late 2022"]
[White "Rustemov, Alexander"]
[Black "Paravyan, David"]
[WhiteFideId "4119002"]
[BlackFideId "4194985"]
[WhiteElo "2930"]
[BlackElo "3025"]
[Result "0-1"]
[Round "09"]
[TimeControl "180+1"]
[Date "2022.11.01"]
[WhiteClock "0:00:01"]
[BlackClock "0:00:09"]

1. d4 Nf6 2. Nf3 g6 3. g3 Bg7 4. Bg2 d5 5. O-O O-O 6. Bf4 c5 7. c3 cxd4 8. cxd4 Ne4 9. Be5 Nc6 10. Bxg7 Kxg7 11. Qb3 Qd6 12. Nc3 Nxc3 13. Qxc3 Bf5 14. Rfc1 Rfc8 15. Qc5 Qxc5 16. dxc5 e5 17. e3 Be4 18. a3 a5 19. Nd2 Bxg2 20. Kxg2 a4 21. e4 dxe4 22. Nxe4 Nd4 23. Nd6 Rc6 24. Rc4 b5 25. Rc3 Nb3 26. Re1 f6 27. Nxb5 Rxc5 28. Rxc5 Nxc5 29. Rc1 Nd3 30. Rc7+ Kg8 31. Nd6 f5 32. Rb7 e4 33. b3 Nc5 34. Rc7 Nxb3 35. h4 Rd8 36. Nf7 Rd2 37. Kf1 Ra2 38. h5 gxh5 39. Nh6+ Kf8 40. Nxf5 Rxa3 41. Ra7 Ra1+ 42. Kg2 a3 43. Ne3 Nd4 44. Ra4 a2 45. Ra7 Nb5 46. Ra8+ Kf7 47. Nc2 Rd1 48. Rxa2 Rd2 49. Nb4 e3 50. Kf3 e2 51. Ra1 Rd1 52. Kxe2 Rxa1 53. Nd3 Ra2+ 54. Ke3 Kf6 55. Nf4 Ra3+ 56. Ke4 Nc3+ 57. Kd4 Kg5 58. Ne6+ Kg4 59. Ng7 Ne2+ 0-1


[Site "https://www.chess.com"]

[Event "Titled Tuesday Blitz November 01 Late 2022"]
[White "Sanal, Vahap"]
[Black "Drygalov, Sergey"]
[WhiteFideId "6300545"]
[BlackFideId "24171743"]
[WhiteElo "2574"]
[BlackElo "2528"]
[Result "1-0"]
[Round "09"]
[TimeControl "180+1"]
[Date "2022.11.01"]
[WhiteClock "0:01:51"]
[BlackClock "0:01:20"]

1. e4 c5 2. Nf3 d6 3. d4 cxd4 4. Nxd4 Nf6 5. Nc3 a6 6. a3 e5 7. Nf5 d5 8. Bg5 d4 9. Bxf6 gxf6 10. Nb1 Bxf5 11. exf5 Qd5 12. Qd3 Nd7 13. Nd2 Nc5 14. Qh3 Rg8 15. Qxh7 Rg7 16. Qh4 O-O-O 17. b4 d3 18. c4 Qc6 19. bxc5 Bxc5 20. Qe4 Qc7 21. Bxd3 Rd4 22. Qf3 Qd7 23. Ne4 Bb6 24. Ke2 Qa4 25. Rhb1 Ba7 26. Rxb7 1-0


[Site "https://www.chess.com"]

[Event "Titled Tuesday Blitz November 01 Late 2022"]
[White "Sanchez Enriquez, Oscar Gerardo"]
[Black "Mickiewicz, Piotr"]
[WhiteFideId "5106311"]
[BlackFideId "1114891"]
[WhiteElo "2375"]
[BlackElo "2246"]
[Result "0-1"]
[Round "09"]
[TimeControl "180+1"]
[Date "2022.11.02"]
[WhiteClock "0:01:17"]
[BlackClock "0:01:05"]

1. e4 c5 2. Nf3 e6 3. d3 Nc6 4. g3 Nf6 5. Bg2 d6 6. O-O Be7 7. Qe2 O-O 8. c3 Qc7 9. d4 e5 10. dxe5 dxe5 11. a4 h6 12. Na3 Be6 13. Nh4 Na5 14. Nf5 Nb3 15. Rb1 a6 16. Be3 Bxf5 17. exf5 Qd7 18. Qc2 Qxa4 19. Bxb7 Rab8 20. Bg2 c4 21. Qe2 Rfc8 22. Nc2 Qd7 23. g4 Qd3 24. Bf3 e4 25. Rfd1 exf3 26. Qxd3 cxd3 27. Rxd3 Nxg4 28. Bf4 Rb7 29. Rxf3 Rc5 30. Bg3 Nd2 0-1


[Site "https://www.chess.com"]

[Event "Titled Tuesday Blitz November 01 Late 2022"]
[White "Sanchez, Robert"]
[Black "Arbunic Castro, Giovanna"]
[WhiteFideId "2034360"]
[BlackFideId "3400549"]
[WhiteElo "2396"]
[BlackElo "1941"]
[Result "1-0"]
[Round "09"]
[TimeControl "180+1"]
[Date "2022.11.02"]
[WhiteClock "0:00:07"]
[BlackClock "0:00:01"]

1. e4 g6 2. d4 Bg7 3. Nc3 c5 4. Nf3 cxd4 5. Nxd4 Nc6 6. Be3 Nf6 7. Bc4 d6 8. Bb3 Ng4 9. Nxc6 bxc6 10. Bd2 O-O 11. O-O Nf6 12. h3 e6 13. f4 d5 14. e5 Nd7 15. Na4 c5 16. c4 Bb7 17. Rc1 f6 18. exf6 Bxf6 19. Qg4 Re8 20. Rfe1 d4 21. Rxe6 Rxe6 22. Qxe6+ Kg7 23. Re1 Qc7 24. Bd1 Nf8 25. Qg4 Qc6 26. Bf3 Qxa4 27. Bxb7 Rb8 28. Bd5 Rxb2 29. Bc1 Rxa2 30. f5 Qb4 31. Qe4 Ra1 32. Bh6+ Kxh6 33. Rxa1 Qb2 34. Rf1 d3 35. Rd1 Bd4+ 36. Kh1 Qe2 37. Qxd3 Qf2 38. fxg6 1-0


[Site "https://www.chess.com"]

[Event "Titled Tuesday Blitz November 01 Late 2022"]
[White "Sargsyan, Anna M."]
[Black "Winterberg, Lukas"]
[WhiteFideId "13308130"]
[BlackFideId "24622702"]
[WhiteElo "2284"]
[BlackElo "2349"]
[Result "1-0"]
[Round "09"]
[TimeControl "180+1"]
[Date "2022.11.02"]
[WhiteClock "0:00:08"]
[BlackClock "0:00:01"]

1. d4 Nf6 2. c4 e6 3. Nf3 d5 4. Nc3 c5 5. cxd5 exd5 6. Bg5 Be6 7. g3 Nc6 8. Bg2 Be7 9. O-O O-O 10. Rc1 c4 11. b3 cxb3 12. Qxb3 h6 13. Bxf6 Bxf6 14. Qxb7 Nxd4 15. Nxd4 Bxd4 16. Nxd5 Rb8 17. Qc6 Bxd5 18. Qxd5 Qf6 19. Rc6 Rfd8 20. Rxf6 Rxd5 21. Rxf7 Rd6 22. Re7 Rb2 23. a4 Rb4 24. Re4 a5 25. Rc1 Kf7 26. Bf3 Kf6 27. Kg2 Be5 28. Rc8 Rxe4 29. Bxe4 Rd4 30. Bc6 Bd6 31. Bb5 Bb4 32. Rc6+ Ke7 33. Kf3 Rd2 34. Rc7+ Kf6 35. h4 Rb2 36. g4 g5 37. Rc6+ Kg7 38. h5 Rd2 39. Bd3 Bf8 40. Rg6+ Kf7 41. Ra6 Rb2 42. Rxa5 Rb4 43. Rf5+ Ke7 44. a5 Ra4 45. a6 1-0


[Site "https://www.chess.com"]

[Event "Titled Tuesday Blitz November 01 Late 2022"]
[White "Seo, Jung Min"]
[Black "Han, Yichen"]
[WhiteFideId "1734687"]
[BlackFideId "1054430"]
[WhiteElo "2455"]
[BlackElo "2323"]
[Result "1-0"]
[Round "09"]
[TimeControl "180+1"]
[Date "2022.11.01"]
[WhiteClock "0:01:06"]
[BlackClock "0:00:02"]

1. e4 e5 2. Nf3 Nc6 3. Bc4 Nf6 4. d3 Be7 5. O-O O-O 6. Re1 d6 7. a4 Kh8 8. c3 Ng8 9. d4 f5 10. dxe5 fxe4 11. Rxe4 Rxf3 12. Qxf3 d5 13. Bxd5 Qxd5 14. Qe2 Bf5 15. Rf4 Bg6 16. Na3 Nxe5 17. Be3 Bf6 18. Nb5 Qf7 19. Bd4 Nd3 20. Rf3 Re8 21. Qd2 a6 22. Bxf6 Nxf6 23. Nd4 Ne5 24. Re3 c5 25. Nf3 Nxf3+ 26. Rxf3 Be4 27. Re3 1-0


[Site "https://www.chess.com"]

[Event "Titled Tuesday Blitz November 01 Late 2022"]
[White "Simonovic, Miroslav"]
[Black "Rios Escobar, Adan"]
[WhiteFideId "919152"]
[BlackFideId "3403645"]
[WhiteElo "2043"]
[BlackElo "2339"]
[Result "0-1"]
[Round "09"]
[TimeControl "180+1"]
[Date "2022.11.02"]
[WhiteClock "0:00:13"]
[BlackClock "0:00:58"]

1. d4 Nf6 2. Bg5 c5 3. Bxf6 exf6 4. c3 Qb6 5. Qc2 Nc6 6. e3 d5 7. Nd2 Bd7 8. Ngf3 Rc8 9. dxc5 Bxc5 10. Be2 O-O 11. O-O Bg4 12. h3 Bh5 13. Nb3 Bd6 14. Qd2 Rfd8 15. Rfd1 a5 16. Nbd4 Bg6 17. b3 Ne5 18. Rac1 Bb8 19. Nh4 Be4 20. f3 Bg6 21. Nxg6 hxg6 22. Kf2 Qc7 23. f4 Nd7 24. Nb5 Qb6 25. Qxd5 Nc5 26. Qf3 f5 27. a4 Nxb3 28. Rxd8+ Rxd8 29. Rd1 Nd2 30. Qg3 Ne4+ 31. Kf3 Nxg3 32. Kxg3 Qxe3+ 33. Bf3 Rxd1 34. Nd4 Bxf4+ 0-1


[Site "https://www.chess.com"]

[Event "Titled Tuesday Blitz November 01 Late 2022"]
[White "Sokolovsky, Yahli"]
[Black "Bilan, Danila"]
[WhiteFideId "2820242"]
[BlackFideId "24161918"]
[WhiteElo "2316"]
[BlackElo "2203"]
[Result "1-0"]
[Round "09"]
[TimeControl "180+1"]
[Date "2022.11.02"]
[WhiteClock "0:01:13"]
[BlackClock "0:00:03"]

1. b3 d5 2. e3 Nf6 3. Bb2 c5 4. Nf3 Nc6 5. d4 Bg4 6. a3 e6 7. Bd3 cxd4 8. exd4 Bd6 9. Nbd2 Qc7 10. h3 Bh5 11. O-O O-O 12. Qe2 Rfe8 13. g4 Bg6 14. Ne5 Bxe5 15. dxe5 Nd7 16. Bxg6 hxg6 17. f4 Rac8 18. Nf3 Nc5 19. Ng5 Qb6 20. Kh1 Ne4 21. Nxe4 dxe4 22. Qxe4 Ne7 23. Rad1 Nd5 24. Rf3 Qc6 25. c4 Nb6 26. Qxc6 Rxc6 27. Rfd3 Rcc8 28. a4 Na8 29. Rd7 Rc7 30. Ba3 a6 31. Rxc7 Nxc7 32. Rd7 Rc8 33. Bd6 Ne8 34. Rxb7 f6 35. c5 Kh7 36. g5 fxg5 37. fxg5 Kg8 38. Kg2 Kh7 39. Kf3 a5 40. Ke4 Rc6 41. Kd4 Rc8 42. Kc4 Nxd6+ 43. exd6 e5 44. d7 Rd8 45. c6 e4 46. c7 Rxd7 47. c8=Q 1-0


[Site "https://www.chess.com"]

[Event "Titled Tuesday Blitz November 01 Late 2022"]
[White "Soto Vega, Jorge"]
[Black "Hjartarson, Johann"]
[WhiteFideId "3800580"]
[BlackFideId "2300044"]
[WhiteElo "2263"]
[BlackElo "2458"]
[Result "1-0"]
[Round "09"]
[TimeControl "180+1"]
[Date "2022.11.02"]
[WhiteClock "0:00:43"]
[BlackClock "0:00:01"]

1. e4 Nf6 2. e5 Nd5 3. Bc4 Nb6 4. Bb3 d5 5. exd6 cxd6 6. d4 g6 7. Nf3 Bg7 8. O-O O-O 9. h3 Nc6 10. Re1 e5 11. Bg5 Qc7 12. dxe5 dxe5 13. Nc3 a6 14. Qd2 Na5 15. Rad1 Nxb3 16. axb3 Bf5 17. g4 Be6 18. Qd6 Qxd6 19. Rxd6 Nc8 20. Rd2 f6 21. Be3 Re8 22. Na4 e4 23. Nd4 Bf7 24. Ne2 f5 25. Bd4 Bxd4 26. Rxd4 b5 27. Nc5 Nb6 28. gxf5 gxf5 29. Ng3 Bg6 30. Rd6 Rec8 31. Ne6 Rab8 32. c3 a5 33. Nd4 Rf8 34. h4 Nc8 35. Ra6 Ne7 36. h5 Be8 37. Rxa5 Nc6 38. Nxc6 Bxc6 39. Ne2 f4 40. Nd4 Bd5 41. c4 Bf7 42. Rxb5 Rxb5 43. Nxb5 e3 44. fxe3 f3 45. Kf2 Bxh5 46. Rg1+ Kf7 47. Rg5 Bg6 48. Kxf3 Ke7+ 49. Kg3 1-0


[Site "https://www.chess.com"]

[Event "Titled Tuesday Blitz November 01 Late 2022"]
[White "Tan, Ralph"]
[Black "O`Gorman, Tom"]
[WhiteFideId "30966590"]
[BlackFideId "2508249"]
[WhiteElo "2059"]
[BlackElo "2271"]
[Result "0-1"]
[Round "09"]
[TimeControl "180+1"]
[Date "2022.11.02"]
[WhiteClock "0:00:04"]
[BlackClock "0:00:18"]

1. Nf3 Nf6 2. g3 g6 3. Bg2 Bg7 4. O-O O-O 5. d4 d6 6. c4 Nc6 7. Nc3 a6 8. b3 Rb8 9. Bb2 b5 10. cxb5 axb5 11. Rc1 b4 12. Na4 Bd7 13. Re1 Na5 14. e4 Bxa4 15. bxa4 c6 16. Nd2 d5 17. e5 Nd7 18. Nb3 Nc4 19. Ba1 e6 20. Bf1 Ndb6 21. a5 Na4 22. Bxc4 dxc4 23. Rxc4 Qd5 24. Qc2 Rfc8 25. Rc1 Bh6 26. Rd1 Bf8 27. Qe2 Rd8 28. Rdc1 Bh6 29. R1c2 Rbc8 30. h4 Bf8 31. h5 Qb5 32. Qf1 Qd5 33. Qe2 Be7 34. a6 Qb5 35. Qf1 Qxa6 36. hxg6 hxg6 37. Rc1 Qb5 38. R4c2 Qd5 39. Qg2 Qb5 40. Qf1 Qb7 41. Qd3 Rd5 42. Qe4 Qb5 43. Kg2 Nb6 44. Qf3 Rdd8 45. Nc5 Nd5 46. Ne4 Ra8 47. Rh1 Ra3 48. Qg4 Bf8 49. Qh3 Bg7 50. Qh7+ Kf8 51. Ng5 Qd3 52. Rxc6 Qe2 53. Qh4 Ne3+ 54. Kh2 Qxf2+ 55. Kh3 Qg2# 0-1


[Site "https://www.chess.com"]

[Event "Titled Tuesday Blitz November 01 Late 2022"]
[White "Tanenbaum, Zachary"]
[Black "Aggelis, Nikolaos"]
[WhiteFideId "2060850"]
[BlackFideId "4213220"]
[WhiteElo "2175"]
[BlackElo "2187"]
[Result "0-1"]
[Round "09"]
[TimeControl "180+1"]
[Date "2022.11.02"]
[WhiteClock "0:00:02"]
[BlackClock "0:01:40"]

1. e4 e5 2. Nf3 Nc6 3. Bc4 Bc5 4. c3 Nf6 5. d3 d6 6. Nbd2 Bb6 7. a4 a6 8. Nf1 Ne7 9. Ng3 Ng6 10. O-O c6 11. d4 O-O 12. dxe5 dxe5 13. Qb3 Bc7 14. Bg5 h6 15. Rad1 Qe7 16. Nf5 Bxf5 17. exf5 Nf4 18. Bxf4 exf4 19. Qxb7 Rab8 20. Qxa6 Rxb2 21. Rb1 Rxb1 22. Rxb1 Qc5 23. Nd4 Be5 24. Nxc6 Bxc3 25. Qb5 Bd4 26. Qxc5 Bxc5 27. Rb5 Ne4 28. Bd5 Re8 29. g3 f3 30. h3 Bxf2+ 31. Kf1 Bxg3 32. Rb7 Nd2+ 33. Kg1 Re1# 0-1


[Site "https://www.chess.com"]

[Event "Titled Tuesday Blitz November 01 Late 2022"]
[White "Ter-Sahakyan, Samvel"]
[Black "Yanchenko, Roman"]
[WhiteFideId "13302531"]
[BlackFideId "4137329"]
[WhiteElo "2947"]
[BlackElo "2796"]
[Result "0-1"]
[Round "09"]
[TimeControl "180+1"]
[Date "2022.11.01"]
[WhiteClock "0:00:06"]
[BlackClock "0:01:23"]

1. e4 e6 2. d4 d5 3. Nc3 Bb4 4. e5 Ne7 5. a3 Bxc3+ 6. bxc3 b6 7. h4 Ba6 8. Bxa6 Nxa6 9. h5 h6 10. Qg4 Kf8 11. Rh3 c5 12. Ne2 Rc8 13. Rf3 Kg8 14. Ra2 cxd4 15. cxd4 Rc4 16. c3 Nb8 17. Qf4 Qe8 18. g4 Nbc6 19. Ng3 Kh7 20. g5 hxg5 21. Qxg5 Kg8 22. Kf1 Qd8 23. Kg2 Nf5 24. Nxf5 Qxg5+ 25. Bxg5 exf5 26. h6 Rh7 27. Re2 Kf8 28. e6 f6 29. Bf4 Ke8 30. Bd2 g6 31. Rg3 Ne7 32. Bf4 Rc6 33. Bd2 g5 34. Rh3 f4 35. Kf1 Nf5 36. Re1 Ke7 0-1


[Site "https://www.chess.com"]

[Event "Titled Tuesday Blitz November 01 Late 2022"]
[White "Urbina Perez, Juan Antonio"]
[Black "Freile Martin, Javier"]
[WhiteFideId "2217368"]
[BlackFideId "3600165"]
[WhiteElo "2197"]
[BlackElo "2360"]
[Result "0-1"]
[Round "09"]
[TimeControl "180+1"]
[Date "2022.11.02"]
[WhiteClock "0:01:16"]
[BlackClock "0:00:35"]

1. e4 c5 2. Nf3 d6 3. Bb5+ Nd7 4. d4 cxd4 5. Qxd4 e6 6. Nc3 Nf6 7. Bg5 Be7 8. O-O-O O-O 9. Rhe1 Qc7 10. Bxd7 Bxd7 11. Bxf6 gxf6 12. e5 fxe5 13. Nxe5 Be8 14. Ng4 e5 15. Qd2 f5 16. Nh6+ Kg7 17. Nd5 Qd8 18. Nxe7 Qxe7 19. g4 fxg4 20. Nxg4 Rd8 21. f4 Bh5 22. Rg1 Kh8 23. fxe5 dxe5 24. Qe3 Rxd1+ 25. Kxd1 Bxg4+ 26. Rxg4 Qd7+ 0-1


[Site "https://www.chess.com"]

[Event "Titled Tuesday Blitz November 01 Late 2022"]
[White "Valdes Romero, Leonardo"]
[Black "Storey, Charles H"]
[WhiteFideId "6500331"]
[BlackFideId "406686"]
[WhiteElo "2494"]
[BlackElo "2252"]
[Result "1-0"]
[Round "09"]
[TimeControl "180+1"]
[Date "2022.11.02"]
[WhiteClock "0:00:04"]
[BlackClock "0:00:09"]

1. Nf3 g6 2. d3 Bg7 3. g3 c5 4. Bg2 Nc6 5. O-O d5 6. Nbd2 Nf6 7. e4 e6 8. Re1 O-O 9. c3 b5 10. a3 a5 11. h3 Ba6 12. e5 Nd7 13. d4 b4 14. Nf1 bxc3 15. bxc3 c4 16. h4 Rb8 17. h5 Rb3 18. h6 Bh8 19. Bg5 Qb6 20. Qd2 Rb2 21. Qf4 Qb3 22. Rac1 Rc2 23. Rxc2 Qxc2 24. Rc1 Qf5 25. Qd2 Rb8 26. N1h2 Rb1 27. g4 Qd3 28. Qf4 Rxc1+ 29. Qxc1 Ndxe5 30. Nxe5 Nxe5 31. dxe5 Bxe5 32. Qb2 Qd1+ 33. Nf1 Qb3 34. Qe2 Qxc3 35. Ne3 Qa1+ 36. Nf1 Qd4 37. Be3 Qb2 38. Qf3 c3 39. Bg5 c2 40. Qe3 Bxf1 41. Bxf1 d4 42. Qxe5 1-0


[Site "https://www.chess.com"]

[Event "Titled Tuesday Blitz November 01 Late 2022"]
[White "Van Osch, Mees"]
[Black "Saucey, Michel"]
[WhiteFideId "1035967"]
[BlackFideId "601845"]
[WhiteElo "2324"]
[BlackElo "2253"]
[Result "1-0"]
[Round "09"]
[TimeControl "180+1"]
[Date "2022.11.02"]
[WhiteClock "0:00:51"]
[BlackClock "0:00:03"]

1. e4 c5 2. Nf3 e6 3. b3 Nc6 4. Bb2 a6 5. Bd3 d5 6. O-O Nf6 7. exd5 exd5 8. Re1+ Be7 9. Bxf6 gxf6 10. Nc3 Be6 11. Ne2 Qc7 12. Ng3 O-O-O 13. Bf5 Ne5 14. d4 Nxf3+ 15. Qxf3 cxd4 16. Bxe6+ fxe6 17. Rxe6 Kb8 18. Nf5 Bb4 19. Qd3 Qc3 20. Qxc3 Bxc3 21. Rd1 Rhe8 22. Rxe8 Rxe8 23. Kf1 Kc7 24. Nxd4 b5 25. Ne2 d4 26. Nxd4 Kb6 27. Ne2 Bb4 28. c3 Ba3 29. b4 Re6 30. Nd4 Re4 31. Rd3 Bb2 32. f3 Re5 33. Nb3 Re6 34. Nc5 Rc6 35. Rd7 1-0


[Site "https://www.chess.com"]

[Event "Titled Tuesday Blitz November 01 Late 2022"]
[White "Voigt, Martin"]
[Black "Roman, Rodrigo"]
[WhiteFideId "4607228"]
[BlackFideId "3701220"]
[WhiteElo "2356"]
[BlackElo "2001"]
[Result "1-0"]
[Round "09"]
[TimeControl "180+1"]
[Date "2022.11.02"]
[WhiteClock "0:01:13"]
[BlackClock "0:01:06"]

1. e4 e5 2. d4 exd4 3. c3 Qe7 4. cxd4 Qxe4+ 5. Be3 Nf6 6. Nc3 Bb4 7. Nf3 Nd5 8. Qd2 O-O 9. Nxe4 Bxd2+ 10. Nexd2 Re8 11. Bc4 Nxe3 12. fxe3 Rxe3+ 13. Kf2 Re7 14. Rhe1 Nc6 15. Ng5 d5 16. Bxd5 Be6 17. Nxe6 fxe6 18. Rxe6 Kf8 19. Rxe7 Nxe7 20. Be4 Rd8 21. Nf3 c6 22. Ke3 g6 23. Ne5 Kg7 24. Rf1 Re8 25. h4 h6 26. g4 g5 27. h5 a6 28. Rf7+ Kg8 29. Bh7+ Kh8 30. Kd3 c5 31. dxc5 Rd8+ 32. Kc4 b5+ 33. cxb6 Rc8+ 34. Kb3 1-0


[Site "https://www.chess.com"]

[Event "Titled Tuesday Blitz November 01 Late 2022"]
[White "Vusatiuk, Vladimir"]
[Black "Melkumyan, Hrant"]
[WhiteFideId "14118610"]
[BlackFideId "13302485"]
[WhiteElo "2600"]
[BlackElo "2982"]
[Result "1-0"]
[Round "09"]
[TimeControl "180+1"]
[Date "2022.11.01"]
[WhiteClock "0:00:48"]
[BlackClock "0:00:15"]

1. Nf3 c5 2. e4 Nc6 3. d4 cxd4 4. Nxd4 e5 5. Nb5 d6 6. c4 g6 7. Be2 a6 8. N5c3 Bg7 9. Nd5 Nge7 10. Bg5 h6 11. Bxe7 Nxe7 12. Nxe7 Qxe7 13. Nc3 O-O 14. O-O Be6 15. Nd5 Qd8 16. b3 f5 17. exf5 gxf5 18. Qd2 f4 19. Rad1 e4 20. Nxf4 Bf7 21. g3 Be5 22. h4 Qf6 23. Nd5 Qg7 24. Ne7+ Kh7 25. Nf5 Qg6 26. Ne3 Be6 27. Ng2 Rf6 28. h5 Qf7 29. Qe3 Rg8 30. Qxe4+ Kh8 31. Nh4 Bf5 32. Nxf5 Rxf5 33. c5 Qg7 34. Qxf5 Bxg3 35. Qg6 Qf8 36. fxg3 1-0


[Site "https://www.chess.com"]

[Event "Titled Tuesday Blitz November 01 Late 2022"]
[White "Weetik, Vjacheslav"]
[Black "Souleidis, Georgios"]
[WhiteFideId "4153472"]
[BlackFideId "4206827"]
[WhiteElo "2469"]
[BlackElo "2401"]
[Result "1-0"]
[Round "09"]
[TimeControl "180+1"]
[Date "2022.11.01"]
[WhiteClock "0:00:09"]
[BlackClock "0:00:01"]

1. d4 d5 2. c4 e6 3. Nf3 dxc4 4. e4 Nf6 5. Nc3 Bb4 6. Bxc4 Nxe4 7. O-O Nf6 8. Qa4+ Nc6 9. Ne5 Bxc3 10. Nxc6 bxc6 11. bxc3 O-O 12. Qxc6 Bd7 13. Qf3 c5 14. Bg5 cxd4 15. cxd4 Rc8 16. Bd3 h6 17. Be3 Bc6 18. Qg3 Nh5 19. Qh3 Nf6 20. Rad1 Qd5 21. f3 Qh5 22. Qg3 Bd5 23. a4 Bc4 24. Bf4 Bxd3 25. Rxd3 Nd5 26. Be5 Qg5 27. Qf2 Rc1 28. h4 Rxf1+ 29. Kxf1 Qf5 30. Rb3 Rc8 31. Kg1 Rc2 32. Qg3 f6 33. Rb7 Qh7 34. Bxf6 Rc1+ 35. Kh2 Nxf6 36. Qb8+ 1-0


[Site "https://www.chess.com"]

[Event "Titled Tuesday Blitz November 01 Late 2022"]
[White "Wieczorek, Zbigniew"]
[Black "Annaberdiyev, Babageldi"]
[WhiteFideId "1102001"]
[BlackFideId "14000385"]
[WhiteElo "2312"]
[BlackElo "2332"]
[Result "1/2-1/2"]
[Round "09"]
[TimeControl "180+1"]
[Date "2022.11.02"]
[WhiteClock "0:00:20"]
[BlackClock "0:02:00"]

1. Nf3 c5 2. e4 d6 3. Bb5+ Bd7 4. c4 a6 5. Bxd7+ Nxd7 6. Nc3 g6 7. d4 Bg7 8. d5 Ngf6 9. O-O O-O 10. Re1 Ng4 11. Bg5 h6 12. Bf4 b5 13. cxb5 axb5 14. Nxb5 Bxb2 15. Rb1 Bg7 16. a4 Nge5 17. Nxe5 Nxe5 18. Bxe5 Bxe5 19. Na3 Bg7 20. Nc4 Qe8 21. a5 Bc3 22. Re3 Bxa5 23. Rh3 Bc7 24. Qc1 h5 25. Rxh5 gxh5 26. Qg5+ Kh7 27. Qxh5+ Kg7 28. Qg5+ Kh7 29. Qh5+ Kg7 30. Qg5+ Kh7 31. Qh5+ 1/2-1/2


[Site "https://www.chess.com"]

[Event "Titled Tuesday Blitz November 01 Late 2022"]
[White "Zanette, Edgard Vinicius"]
[Black "Jaskolka, Tomasz"]
[WhiteFideId "2109263"]
[BlackFideId "1170791"]
[WhiteElo "2236"]
[BlackElo "2126"]
[Result "0-1"]
[Round "09"]
[TimeControl "180+1"]
[Date "2022.11.02"]
[WhiteClock "0:00:15"]
[BlackClock "0:00:25"]

1. e4 c5 2. Nc3 e6 3. f4 d5 4. Nf3 Nc6 5. Bb5 Nf6 6. Bxc6+ bxc6 7. e5 Nd7 8. O-O Be7 9. d3 g6 10. b3 c4 11. bxc4 dxc4 12. d4 Bb7 13. Qe2 Nb6 14. Ne4 O-O 15. Kh1 Qd5 16. Nc3 Qd7 17. Bd2 c5 18. dxc5 Bxc5 19. Rad1 Qc6 20. Be3 Bxe3 21. Qxe3 Nd5 22. Nxd5 exd5 23. Nd4 Qb6 24. f5 Bc8 25. f6 Kh8 26. Rf3 Bg4 27. Rdf1 Bxf3 28. Rxf3 Qb1+ 29. Qg1 Qxg1+ 30. Kxg1 Rfe8 31. Re3 Rab8 32. Kf2 Kg8 33. Nc6 Rb6 34. Ne7+ Kf8 35. Nxd5 Rb2 36. Nc7 Rc8 37. Nd5 Rxc2+ 38. Kg3 Rd2 39. Ne7 Rc7 40. Nd5 Rxd5 0-1


[Site "https://www.chess.com"]